 Dungeon Crawl Stone Soup version 0.26.0-16-gc1dbca0489 (webtiles) character file.

Game seed: 10734338047976965613

142 kaeus the Skirmisher (level 5, -11/42 HPs)
             Began as a Demonspawn Fighter on Jan 21, 2021.
             Mangled by an orc
             ... wielding a +2 war axe of electrocution
              (19 damage)
             ... on level 3 of the Dungeon.
             The game lasted 00:03:57 (2994 turns).

kaeus the Skirmisher (Demonspawn Fighter)           Turns: 2994, Time: 00:03:58

Health: -11/42     AC: 11    Str: 18    XL:     5   Next: 3%
Magic:  5/5        EV:  3    Int:  9    God:
Gold:   72         SH:  9    Dex: 12    Spells: 4/4 levels left

rFire    . . .     SeeInvis .   a - +0 war axe
rCold    . . .     Faith    .   c - +0 kite shield
rNeg     . . .     Spirit   .   k - +0 plate armour
rPois    .         Reflect  .   (no helmet)
rElec    .         Harm     .   (no cloak)
rCorr    .         Rampage  .   (no gloves)
Will     +....                  (no boots)
Stlth    ..........             (no amulet)
HPRegen  0.14/turn              b - ring of willpower
MPRegen  0.09/turn              (no ring)

@: no status effects
A: claws 1
a: no special abilities


You were on level 3 of the Dungeon.
You visited 1 branch of the dungeon, and saw 3 of its levels.

You collected 72 gold pieces.

Inventory:

Hand Weapons
 a - a +0 war axe (weapon)
Armour
 c - a +0 kite shield (worn)
 k - a +0 plate armour (worn)
Jewellery
 b - a ring of willpower (left claw)
Wands
 o - a wand of polymorph (12)
Scrolls
 e - 2 scrolls of remove curse {unknown}
 f - a scroll of enchant weapon {unknown}
 g - 3 scrolls of identify {unknown}
 i - 3 scrolls of fog {unknown}
 n - 2 scrolls of enchant armour {unknown}
 p - a scroll of teleportation {unknown}
Potions
 d - a potion of might
 h - 2 potions of magic {unknown}
 j - a potion of degeneration {unknown}
 l - a potion of heal wounds {unknown}
 m - a potion of curing {unknown}


   Skills:
 + Level 3.8 Fighting
 + Level 2.7 Axes
 + Level 3.5 Armour
 + Level 3.4 Shields


You had 4 spell levels left.
You didn't know any spells.
Your spell library was empty.

Dungeon Overview and Level Annotations

Branches:
Dungeon (3/15)

Altars:
Yredelemnul
Zin
The Shining One


Innate Abilities, Weirdness & Mutations

You have sharp fingernails.


Message History

You closely miss the orc wizard.
The orc wizard is moderately wounded.
The orc wizard hits you but does no damage.
You barely miss the orc wizard.
The orc wizard is moderately wounded.
The orc wizard mumbles some strange words.
The orc wizard blinks!
An orc comes into view.
You closely miss the orc.
The orc shouts!
The orc hits you with a +2 war axe of electrocution.
You are electrocuted!!
* * * LOW HITPOINT WARNING * * *
The orc barely misses you.
You hit the orc.
The orc is lightly wounded.
The orc hits you with a +2 war axe of electrocution.
* * * LOW HITPOINT WARNING * * *
You are electrocuted!!
You die... ##.....# #.# ##....... #.# #........ #o. +........ ooo

#........ #o#
##....... #.#
##.....# #o#
##...## #@# ###
##'##
#.#######.## #.#
#..^.......# #.#
#########.####.##
##.###...##
#...#.....#
#..........
#...###.### #####
#.##.


You could see an orc wizard and 5 orcs.

Vanquished Creatures
  Crazy Yiuf (D:2)
  Jessica (D:3)
  An adder (D:2)
  2 oozes
  2 worms (D:3)
  3 dart slugs (D:1)
  3 leopard geckos
  3 ball pythons
  11 bats
  3 giant cockroaches
  6 goblins
  5 hobgoblins
  5 kobolds
  A quokka (D:2)
  7 frilled lizards
  5 rats
59 creatures vanquished.

Notes
Turn   | Place    | Note
-------+----------+-------------------------------------------
     0 | D:1      | kaeus the Demonspawn Fighter began the quest for the Orb.
     0 | D:1      | Reached XP level 1. HP: 18/18 MP: 1/1
   300 | D:1      | Gained mutation: You have sharp fingernails. [demonic
                  | ancestry]
   300 | D:1      | Reached XP level 2. HP: 16/24 MP: 2/2
   823 | D:1      | Reached XP level 3. HP: 29/29 MP: 3/3
  1268 | D:2      | Found a glowing golden altar of the Shining One.
  1410 | D:2      | Found a runed translucent door.
  1411 | D:2      | Noticed Crazy Yiuf
  1514 | D:2      | Killed Crazy Yiuf
  1515 | D:2      | Reached XP level 4. HP: 36/36 MP: 4/4
  1899 | D:2      | Found a glowing silver altar of Zin.
  2190 | D:3      | Noticed Jessica
  2194 | D:3      | Killed Jessica
  2575 | D:3      | Reached XP level 5. HP: 15/42 MP: 5/5
  2771 | D:3      | Found a basalt altar of Yredelemnul.
  2994 | D:3      | Mangled by an orc

Illustrated notes

Levels and vault maps discovered:
D:1:      matt_arrival_diagonals, layout_basic
D:2:      layout_basic, general_overflow_altar, overflow_temple_1_default,
          uniq_crazy_yiuf_cottage
D:3:      layout_loops_corners, kennysheep_flooded_box, uniq_jessica

Skill      XL: |  1  2 |
---------------+-------+-----
Axes           | 2 |  2.7
Armour         | 3 |  3.5
Shields        | 3 |  3.4
Fighting       | |  3.8

Action                   |  1- 3 |  4- 6 || total
-------------------------+-------+-------++-------
Melee: War axe           |   107 |    87 ||   194
Armor: Scale mail        |    52 |       ||    52
       Plate armour      |    16 |    54 ||    70
Dodge: Dodged            |    29 |    11 ||    40
Block: Kite shield       |    64 |    41 ||   105
